Selects Special Operations Battlegroup
Selects M29 Weasel Recon Vehicle
Construct Medical Station
Construct Weapon Support Center
Construct Weapon Support Center
M3 Armored Personnel Carrier
M1918 Browning Automatic Rifles
Selects M4A1 Sherman Whizbang
Selects SSF Commando Squad
Selects Assault Operation